 Dungeon Crawl Stone Soup version 0.30-a0-6-g7c9e10e132 (webtiles) character file.

Game seed: 10388538152255478473

198 SensoryNuts the Chopper (level 5, -4/51 HPs)
             Began as a Hill Orc Fighter on Aug 22, 2022.
             Killed from afar by an orc wizard (8 damage)
             ... with a magic dart
             ... on level 3 of the Dungeon.
             The game lasted 00:02:20 (1757 turns).

SensoryNuts the Chopper (Hill Orc Fighter)          Turns: 1757, Time: 00:02:20

Health: -4/51      AC:  9    Str: 21    XL:     5   Next: 76%
Magic:  5/5        EV:  9    Int:  8    God:
Gold:   146        SH:  4    Dex: 10    Spells: 4/4 levels left

rFire   . . .      SeeInvis .    a - +1 war axe
rCold   . . .      Faith    .    c - +0 buckler
rNeg    . . .      Spirit   .    b - +0 scale mail
rPois   +          Reflect  .    (no helmet)
rElec   .          Harm     .    (no cloak)
rCorr   .          Rampage  .    (no gloves)
Will    .....                    j - +1 pair of boots
Stlth   ..........               (no amulet)
HPRegen 0.17/turn                (no ring)
MPRegen 0.09/turn                (no ring)

@: mighty
A: poison resistance, robust 1
a: no special abilities


You were on level 3 of the Dungeon.
You visited 1 branch of the dungeon, and saw 3 of its levels.

You collected 146 gold pieces.

Inventory:

Hand Weapons
 a - a +1 war axe (weapon)
Missiles
 t - a throwing net (quivered)
Armour
 b - a +0 scale mail (worn)
 c - a +0 buckler (worn)
 j - a +1 pair of boots (worn)
Jewellery
 m - a ring of wizardry
 o - a ring of ice
Wands
 r - a wand of flame (21)
Scrolls
 k - a scroll of fog
 v - a scroll of summoning
Potions
 d - a potion of might
 f - a potion of cancellation


   Skills:
 + Level 4.3 Fighting
 + Level 5.3 Axes
 + Level 4.3 Armour
 + Level 0.6 Dodging
 + Level 0.1 Stealth
 + Level 4.1 Shields


You had 4 spell levels left.
You didn't know any spells.
Your spell library was empty.

Dungeon Overview and Level Annotations

Branches:
Dungeon (3/15)

Altars:


Innate Abilities, Weirdness & Mutations

Your system is resistant to poisons. (rPois)
You are robust. (+10% HP)


Message History

Unknown command.
You are too injured to fight recklessly!
Unknown command.
You are too injured to fight recklessly!
Unknown command.
Unknown command.
You are too injured to fight recklessly!
You closely miss something. The orc closely misses you.
Something hits you but does no damage. The orc barely misses you.
You hit something.
Something hits you but does no damage. x2
The orc completely misses you.
You miss something.
You hear some strange, mumbled words.
A puff of flame appears from out of thin air!
The puff of flame misses you. The orc hits you but does no damage.
Something hits you but does no damage.
You barely miss something. The orc hits you but does no damage.
You hear some strange, mumbled words.
A magic dart appears from out of thin air!
The magic dart hits you.
* * * LOW HITPOINT WARNING * * *
You closely miss something. The orc hits you but does no damage.
Something hits you but does no damage. x2
The orc hits you from afar with a +0 trident.
* * * LOW HITPOINT WARNING * * *
You hit something but do no damage. Something hits you.
* * * LOW HITPOINT WARNING * * *
The orc hits you from afar with a +0 trident.
* * * LOW HITPOINT WARNING * * *
Something hits you but does no damage.
You feel very mighty all of a sudden. Something hits you but does no damage.
The orc hits you from afar with a +0 trident!
* * * LOW HITPOINT WARNING * * *
You miss something. Something hits you but does no damage.
The orc barely misses you.
You hear some strange, mumbled words.
A magic dart appears from out of thin air!
The magic dart hits you!
You die...

......... .........
########.........
.................+
.................##
...................#
......))..(........#
......{@...........#
.....o##...........+
..... #...........#
.... #...........#
... #...........# ..
####........+ .
#........#####
#........'.)..
######...#####


You could see an orc.

Vanquished Creatures
  Terence (D:2)
  Robin (D:2)
  A gnoll (D:2)
  6 adders
  2 worms
  5 orcs (D:3)
  3 endoplasms
  4 giant cockroaches
  13 goblins
  10 hobgoblins
  5 jackals
  11 kobolds
  2 quokkas
  5 ball pythons
  2 bats (D:2)
  9 frilled lizards
  8 rats
88 creatures vanquished.

Notes
Turn   | Place    | Note
-------+----------+-------------------------------------------
     0 | D:1      | SensoryNuts the Hill Orc Fighter began the quest for the
                  | Orb.
     0 | D:1      | Reached XP level 1. HP: 19/19 MP: 1/1
    50 | D:1      | Reached XP level 2. HP: 21/27 MP: 2/2
   114 | D:1      | Found a faded altar of an unknown god.
   176 | D:1      | Reached skill level 3 in Axes
   367 | D:1      | Reached XP level 3. HP: 33/33 MP: 3/3
   682 | D:2      | Reached skill level 4 in Axes
   765 | D:2      | Reached XP level 4. HP: 37/40 MP: 4/4
   833 | D:2      | Noticed Robin
   846 | D:2      | Killed Robin
  1212 | D:2      | Noticed Terence
  1219 | D:2      | Killed Terence
  1220 | D:2      | Reached XP level 5. HP: 39/46 MP: 5/5
  1323 | D:2      | Reached skill level 5 in Axes
  1514 | D:2      | Gained mutation: You are robust. (+10% HP) [potion of
                  | mutation]
  1514 | D:2      | Gained mutation: Your system is resistant to poisons.
                  | (rPois) [potion of mutation]
  1757 | D:3      | Killed from afar by an orc wizard

Illustrated notes

Levels and vault maps discovered:
D:1:      tarquinn_simple_flora_water_d, layout_basic,
          hellmonk_ecumenical_altar_arch_garden
D:2:      layout_rooms, minmay_joined_circles, uniq_robin, uniq_terence
D:3:      layout_basic

Skill      XL: |  1  2  3  4  5 |
---------------+----------------+-----
Axes           | 3 4 5 |  5.3
Fighting       | 4 |  4.3
Armour         | 4 |  4.3
Shields        | 4 |  4.1
Dodging        | |  0.6
Stealth        | |  0.1

Action                   |  1- 3 |  4- 6 || total
-------------------------+-------+-------++-------
Melee: War axe           |    86 |   117 ||   203
  Use: Potion            |       |     8 ||     8
       Scroll            |       |     8 ||     8
Armor: Scale mail        |    46 |    69 ||   115
Dodge: Dodged            |    41 |    56 ||    97
Block: Buckler           |    24 |    37 ||    61

Table legend: (Time is in decaauts)
 A = Elapsed time spent in this place.
 B = Non-inter-level travel time spent in this place.
 C = Inter-level travel time spent in this place.
 D = Time resting spent in this place.
 E = Time spent auto-exploring this place.
 F = Levels seen in this place.
 G = Mean time per level.
                   A        B        C        D        E       F      G
               +--------+--------+--------+--------+--------+-----+--------+
         Total |   1823 |   1792 |     31 |      0 |   1346 |   3 |  607.7 |
       Dungeon |   1823 |   1792 |     31 |      0 |   1346 |   3 |  607.7 |
               +--------+--------+--------+--------+--------+-----+--------+

Top non-repeatable levels by time:
     D:2: 974 daAuts
     D:1: 599 daAuts
     D:3: 250 daAuts
